 Dungeon Crawl Stone Soup version 0.29.1-2-gbd0b4ee654 (webtiles) character file.

Game seed: 3290969589209871488

478 DemonSlayer the Firebug (level 6, -4/43 HPs)
             Began as a Demonspawn Fire Elementalist on Oct 31, 2022.
             Slain by Duvessa
             ... wielding a +0 short sword
              (8 damage)
             ... on level 4 of the Dungeon.
             The game lasted 00:07:42 (6131 turns).

DemonSlayer the Firebug (DsFE)                      Turns: 6131, Time: 00:07:43

Health: -4/43      AC:  9    Str:  8    XL:     6   Next: 85%
Magic:  11/11      EV:  8    Int: 19    God:
Gold:   105        SH:  0    Dex: 13    Spells: 2/12 levels left

rFire   . . .      SeeInvis .   r - +1 war axe (venom)
rCold   . . .      Faith    .   (no shield)
rNeg    . . .      Spirit   .   e - +1 scale mail {rPois}
rPois   +          Reflect  .   (no helmet)
rElec   .          Harm     .   (no cloak)
rCorr   .          Rampage  .   (no gloves)
Will    .....                   (no boots)
Stlth   +.........              (no amulet)
HPRegen 0.14/turn               (no ring)
MPRegen 0.12/turn               (no ring)

@: brilliant, hasted, very quick
A: claws 1, molten scales 1, powered by pain 1
a: no special abilities


You were on level 4 of the Dungeon.
You visited 1 branch of the dungeon, and saw 4 of its levels.

You collected 105 gold pieces.

Inventory:

Hand Weapons
 r - a +1 war axe of venom (weapon)
Armour
 e - a +1 scale mail of poison resistance (worn)
Wands
 p - a wand of flame (20)
Scrolls
 a - a scroll of identify {unknown}
 f - a scroll of noise {unknown}
 g - a scroll of silence {unknown}
 h - a scroll of enchant armour {unknown}
 j - a scroll of blinking {unknown}
 l - a scroll of teleportation {unknown}
 m - a scroll of immolation {unknown}
 o - a scroll of fear {unknown}
Potions
 b - 2 potions of magic
 c - a potion of brilliance
 d - a potion of ambrosia
 n - a potion of attraction {unknown}
 q - a potion of lignification {unknown}
 s - a potion of heal wounds {unknown}


   Skills:
 + Level 1.3 Fighting
 + Level 0.4 Short Blades
 + Level 1.3 Axes
 + Level 0.3 Armour
 + Level 2.3 Dodging
 + Level 2.1 Stealth
 + Level 3.8 Spellcasting
 + Level 3.2 Conjurations
 + Level 4.4 Fire Magic


You had 2 spell levels left.
You knew the following spells:

 Your Spells              Type           Power      Damage    Failure   Level
a - Foxfire               Conj/Fire      100%       2x1d9     30%         1
b - Scorch                Fire           60%        2d8       34%         2
c - Conjure Flame         Conj/Fire      27%        6-21      65%         3
d - Flame Wave            Conj/Fire      27%        2d9       96%         4

Your spell library contained the following spells:

 Spells                   Type           Power      Damage    Failure   Level
 Sting                    Tmut/Pois      20%        1d4       82%         1
 Poisonous Vapours        Pois/Air       10%        N/A       91%         2
 Inner Flame              Hex/Fire       18%        N/A       86%         3
 Olgreb's Toxic Radiance  Pois           5%         N/A       100%        4


Dungeon Overview and Level Annotations

Branches:
Dungeon (4/15)
 Temple: D:4-7

Altars:
Vehumet

Annotations:
D:3 2 runed translucent doors, fireball365's ghost, amateur HOFi
D:4 Duvessa


Innate Abilities, Weirdness & Mutations

You have sharp fingernails.
You are partially covered in molten scales. (AC +2)
You sometimes gain a little power by taking damage.


Message History

The foxfire hits Duvessa.
Duvessa is moderately wounded.
The foxfire hits Duvessa but does no damage.
Duvessa is moderately wounded.
You conjure some foxfire!
The foxfire hits Duvessa but does no damage.
Duvessa is moderately wounded.
You conjure some foxfire!
The foxfire hits Duvessa.
Duvessa is moderately wounded.
The foxfire hits Duvessa.
Duvessa is heavily wounded.
Duvessa hits you with a +0 short sword! x2
It was a potion of brilliance.
You feel clever all of a sudden.
The foxfire hits Duvessa.
Duvessa is heavily wounded.
The foxfire hits Duvessa.
Duvessa is severely wounded.
Duvessa hits you with a +0 short sword!
* * * LOW HITPOINT WARNING * * *
It was a potion of ambrosia.
You are confused.
You feel invigorated. Duvessa hits you with a +0 short sword!
* * * LOW HITPOINT WARNING * * *
Duvessa hits you with a +0 short sword.
* * * LOW HITPOINT WARNING * * *
Okay, then.
It was a potion of curing.
You feel better.
You feel less invigorated. Duvessa hits you with a +0 short sword.
Duvessa hits you but does no damage.
You see here a +0 dagger.
You hit Duvessa.
Duvessa is poisoned.
Duvessa is severely wounded.
Duvessa hits you with a +0 short sword.
* * * LOW HITPOINT WARNING * * *
Duvessa hits you with a +0 short sword.
* * * LOW HITPOINT WARNING * * *
It was a potion of haste.
You feel yourself speed up. Duvessa closely misses you. x2
Duvessa attacks as you move away! Duvessa hits you with a +0 short sword!
You die...

##....#.#####......#...#.#
.....................###.# .#
..........##.......#.###.##.###
###.###.........#..#.##........
##....<....#...#..#.##........
.......†...........#.##........
###.............[.[....##.#######
#........................###...
#.............@e......)........
#........####.......###........
#................#..###.####...
..........###............####...
........### #...#.(..###.....>..
.....#. ......##......)#..e§..
####..####.###<).##§§. #..# #..
#)).##$§< ..# ##...........


You could see Duvessa (berserk, very poisoned).

Vanquished Creatures
  Dowan (D:4)
  A jelly (D:4)
  An orc priest (D:4)
  2 hounds (D:4)
  An iguana (D:4)
  Natasha (thrice) (D:2)
  An orc wizard (D:4)
  4 gnolls (D:4)
  3 adders
  5 dart slugs
  8 orcs
  7 ball pythons
  11 bats
  2 endoplasms
  3 giant cockroaches
  14 goblins
  7 hobgoblins
  8 jackals
  A quokka (D:2)
  6 frilled lizards
  5 kobolds
  7 rats
101 creatures vanquished.

Vanquished Creatures (others)
  406 foxfires
406 creatures vanquished.

Grand Total: 507 creatures vanquished

Notes
Turn   | Place    | Note
-------+----------+-------------------------------------------
     0 | D:1      | DemonSlayer the Demonspawn Fire Elementalist began the
                  | quest for the Orb.
     0 | D:1      | Reached XP level 1. HP: 13/13 MP: 3/3
   248 | D:1      | Reached skill level 3 in Fire Magic
   248 | D:1      | Gained mutation: You sometimes gain a little power by
                  | taking damage. [demonic ancestry]
   248 | D:1      | Reached XP level 2. HP: 19/19 MP: 0/5
   326 | D:1      | Learned a level 2 spell: Scorch
  1221 | D:1      | Reached XP level 3. HP: 24/24 MP: 0/6
  1354 | D:1      | Found a faded altar of an unknown god.
  1964 | D:1      | Learned a level 3 spell: Conjure Flame
  2364 | D:2      | Noticed Natasha
  2368 | D:2      | Killed Natasha
  2369 | D:2      | Gained mutation: You are partially covered in molten
                  | scales. (AC +2) [demonic ancestry]
  2369 | D:2      | Reached XP level 4. HP: 30/30 MP: 2/7
  2568 | D:2      | Noticed Natasha
  2571 | D:2      | Killed Natasha
  2820 | D:2      | Noticed Natasha
  2826 | D:2      | Killed Natasha
  3130 | D:2      | Reached XP level 5. HP: 35/35 MP: 2/9
  3464 | D:3      | Found a radiant altar of Vehumet.
  4307 | D:3      | Found a large runed translucent door.
  4307 | D:3      | Found a large runed translucent door.
  4310 | D:3      | Noticed fireball365's ghost (amateur HOFi)
  4761 | D:3      | Learned a level 4 spell: Flame Wave
  4797 | D:4      | Reached skill level 4 in Fire Magic
  4936 | D:4      | Reached skill level 1 in Fighting
  4940 | D:4      | Gained mutation: You have sharp fingernails. [demonic
                  | ancestry]
  4940 | D:4      | Reached XP level 6. HP: 43/43 MP: 3/11
  5110 | D:4      | Reached skill level 1 in Axes
  5342 | D:4      | Noticed Duvessa
  5359 | D:4      | Noticed Dowan
  5876 | D:4      | Killed Dowan
  6125 | D:4      | HP: 1/43 [Duvessa/+0 short sword (5)]
  6131 | D:4      | Slain by Duvessa

Illustrated notes

Levels and vault maps discovered:
D:1:      dpeg_arrival_simpleton_c, layout_basic,
          hellmonk_ecumenical_altar_run_dry, corexii_item_surrounded_by_moat
D:2:      layout_basic, uniq_natasha
D:3:      layout_basic, vehumet_crystals, ebering_ghost_disaster_area
D:4:      layout_rooms, mainiacjoe_overflow_brackets, ebering_ghost_sewer_f,
          uniq_duvessa

Skill      XL: |  1  2  3  4  5  6 |
---------------+-------------------+-----
Fire Magic     | 3 4 |  4.4
Dodging        | 2 |  2.3
Conjurations   | 2 3 |  3.2
Stealth        | 2 |  2.1
Spellcasting   | 3 |  3.8
Fighting       | 1 |  1.3
Axes           | 1 |  1.3
Short Blades   | |  0.4
Armour         | |  0.3

Action                   |  1- 3 |  4- 6 || total
-------------------------+-------+-------++-------
Melee: Short sword       |    38 |    13 ||    51
       Unarmed           |     1 |       ||     1
       Punch             |     1 |       ||     1
       War axe           |       |    36 ||    36
 Cast: Foxfire           |   110 |   145 ||   255
  Use: Potion            |       |     4 ||     4
 Stab: Sleeping          |     1 |     1 ||     2
Armor: Robe              |     4 |    10 ||    14
       Scale mail        |       |    66 ||    66
Dodge: Dodged            |    41 |    56 ||    97
